 Dungeon Crawl Stone Soup version 0.30.0-10-gfe55d96785 (webtiles) character file.

Game seed: 7996705046118544463

32 hawla the Firebug (level 3, -2/26 HPs)
             Began as a Meteoran Fire Elementalist on May 14, 2023.
             Slain by a gnoll
             ... wielding a +0 flail
              (8 damage)
             ... on level 3 of the Dungeon.
             The game lasted 00:01:44 (267 turns).

hawla the Firebug (Meteoran Fire Elementalist)       Turns: 267, Time: 00:01:44

Health: -2/26      AC:  2    Str:  9    XL:     3   Next: 67%
Magic:  8/8        EV: 12    Int: 18    God:
Gold:   46         SH:  0    Dex: 15    Spells: 6/7 levels left

rFire   . . .        c - staff of conjuration
rCold   . . .        (no shield)
rNeg    . . .        a - +0 robe
rPois   .            (no helmet)
rElec   .            (no cloak)
rCorr   .            (no gloves)
SInv    .            (no boots)
Will    .....        (no amulet)
Stlth   +            (no ring)
HPRegen 0.24/turn    (no ring)
MPRegen 0.11/turn

%: no passive effects
@: glowing
A: sense surroundings 1, otherworldly, glowing, explore regen
a: no special abilities


You were on level 3 of the Dungeon.
You visited 1 branch of the dungeon, and saw 3 of its levels.

You collected 46 gold pieces.

Inventory:

Armour
 a - a +0 robe (worn)
Magical Staves
 c - a staff of conjuration (weapon)
Wands
 e - a wand of digging (7)
Scrolls
 d - a scroll of fear
Potions
 b - a potion of magic


   Skills:
 + Level 0.4 Staves
 - Level 2.4 Dodging
 - Level 1.4 Stealth
 - Level 2.7 Spellcasting
 * Level 2.5 Conjurations
 - Level 3.7 Fire Magic
 * Level 2.1 Evocations


You had 6 spell levels left.
You knew the following spells:

 Your Spells              Type           Power      Damage    Failure   Level
a - Foxfire               Conj/Fire      80%        2x1d8     4%          1

Your spell library contained the following spells:

 Spells                   Type           Power      Damage    Failure   Level
 Scorch                   Fire           32%        2d6       5%          2
 Inner Flame              Hex/Fire       9%         N/A       24%         3
 Volatile Blastmotes      Fire/Tloc      18%        2d11      24%         3
 Flame Wave               Conj/Fire      20%        2d7       41%         4


Dungeon Overview and Level Annotations

Branches:
Dungeon (3/15) Zot: 1530

Altars:


Innate Abilities, Weirdness & Mutations

You passively map a small area around you.
You are easily found by Zot.
You glow in the dark.
You regain HP and MP as you explore.


Message History

You enter a teleport trap!
The teleport trap disappears.
Your surroundings suddenly seem different.
As you read the scroll labelled LIWERY QIQODGH, it crumbles to dust.
You assume a fearsome visage.
Nothing appears to happen.
It was a scroll of fear.
Your surroundings suddenly seem different.
HP restored.
d - a scroll of fear You now have 46 gold pieces (gained 13).
e - a wand of digging (7)
Found a stone staircase leading down.
You see here an adder corpse.
Found a stone staircase leading down.
Found an escape hatch in the floor.
There is a stone staircase leading down here.
There is an escape hatch in the floor here.
You slide downwards.
The hatch slams shut behind you.
The gnoll shouts! x2
Found a grey potion.
Casting: Foxfire (safe; 4% risk of failure)
Confirm with . or Enter, or press ? or * to list all spells.
You don't know that spell.
Casting: Foxfire (safe; 4% risk of failure)
Confirm with . or Enter, or press ? or * to list all spells.
You feel a surge of power!
You conjure some foxfire!
The gnoll hits you with a +0 spear.
The foxfire hits the gnoll!
The gnoll is severely wounded.
You hit the gnoll.
The gnoll is severely wounded.
The gnoll hits you with a +0 spear.
You hit the gnoll but do no damage.
The gnoll is severely wounded.
The gnoll barely misses you. x2
The gnoll hits you from afar with a +0 spear.
You closely miss the gnoll.
The gnoll is severely wounded.
The gnoll hits you with a +0 spear!
* * * LOW HITPOINT WARNING * * *
The gnoll hits you with a +0 flail!
You die...

,* ,* * * *
* ,, , , * *
* * * *** *
, , , , , >
#.#####.#.#
* #.g@ggg..#
, ** *
#.#####.....
* .## , * *
* , ,,,* * *
* , ** * * ,


You could see 4 gnolls.

Vanquished Creatures
  2 adders (D:2)
  A dart slug (D:1)
  3 endoplasms (D:1)
  A goblin (D:1)
  A hobgoblin (D:1)
  A ball python (D:1)
  3 bats
  2 kobolds (D:1)
  A rat (D:1)
15 creatures vanquished.

Vanquished Creatures (others)
  28 foxfires
28 creatures vanquished.

Grand Total: 43 creatures vanquished

Notes
Turn   | Place    | Note
-------+----------+-------------------------------------------
     0 | D:1      | hawla the Meteoran Fire Elementalist began the quest for
                  | the Orb.
     0 | D:1      | Reached XP level 1. HP: 14/14 MP: 5/5
   130 | D:1      | Reached XP level 2. HP: 15/20 MP: 3/6
   132 | D:1      | Reached skill level 1 in Evocations
   180 | D:2      | Reached XP level 3. HP: 16/26 MP: 4/8
   267 | D:3      | Slain by a gnoll

Illustrated notes

Levels and vault maps discovered:
D:1:      giann_forest_graveyard, layout_basic,
          hellmonk_ecumenical_altar_heavens_door, corexii_leaking_fountain
D:2:      layout_basic
D:3:      layout_loops_ring, lemuel_crystal_altar

Skill      XL: |  1  2  3 |
---------------+----------+-----
Evocations     | 1 2 |  2.1
Conjurations   | 2 |  2.5
Staves         | |  0.4
Dodging        | |  2.4
Stealth        | |  1.4
Spellcasting   | |  2.7
Fire Magic     | |  3.7

Action                     || total
---------------------------++-------
  Melee: Staff             ||    12
   Cast: Foxfire           ||    17
    Use: Scroll            ||     3
 Armour: Robe              ||     5
  Dodge: Dodged            ||    15
